 Dungeon Sprint DCSS version 0.23.0-3-gf3c87f2 (webtiles) character file.

Game seed: 5291618905154317701

932 nuthulu the Grappler (level 7, -14/79 HPs)
             Began as a Troll Monk on Feb 24, 2019.
             Was a Believer of Yredelemnul.
             Demolished by a polar bear (16 damage)
             ... in the Dungeon (Sprint II: "The Violet Keep of Menkaure").
             The game lasted 00:01:57 (411 turns).

nuthulu the Grappler (Troll Monk)                    Turns: 411, Time: 00:01:58

Health: -14/79     AC:  6    Str: 22    XL:     7   Next: 86%
Magic:  6/6        EV: 13    Int:  6    God:    Yredelemnul [**....]
Gold:   972        SH:  0    Dex: 12    Spells: 6/6 levels left

rFire    . . .     SeeInvis .     - Unarmed
rCold    . . .     Gourm    +   (no shield)
rNeg     . . .     Faith    .   a - +0 robe
rPois    .         Spirit   .   (helmet restricted)
rElec    .         Reflect  .   (no cloak)
rCorr    .         Harm     .   (gloves unavailable)
MR       .....     NoTele   +   (boots unavailable)
Stlth    +++.......             (no amulet)
HPRegen  0.63/turn              (no ring)
MPRegen  0.10/turn              (no ring)

@: slowed, very slow
A: large, unfitting armour, claws 3, fast metabolism 3, gourmand, regeneration
1, shaggy fur 1, tough skin 3
a: Animate Remains, Recall Undead Slaves, Injury Mirror, Renounce Religion


You were in the Dungeon.
You worshipped Yredelemnul.
Yredelemnul was pleased with you.
You were very full.

You visited 1 branch You collected 972 gold pieces.

Inventory:

Armour
 a - a +0 robe (worn)
Scrolls
 h - a scroll of blinking
Potions
 c - a potion of curing
 f - 2 potions of magic
Comestibles
 b - 2 rations


   Skills:
 + Level 7.7 Fighting
 + Level 7.8 Dodging
 - Level 5.4 Stealth
 + Level 9.3 Unarmed Combat


You had 6 spell levels left.
You didn't know any spells.
Your spell library was empty.

Dungeon Overview and Level Annotations

Branches:
Dungeon (1/1)

Altars:
Cheibriados
Dithmenos
Elyvilon
Fedhas
Gozag
Hepliaklqana
Kikubaaqudgha
Makhleb
Nemelex Xobeh
Okawaru
Qazlal
Ru
Sif Muna
Trog
Uskayaw
Vehumet
Wu Jian
Xom
Yredelemnul
Zin
The Shining One
Beogh
Jiyva
Lugonu

Shops:
D (??*!=![:[}%

Annotations:
D exclusion: ice statue


Innate Abilities, Weirdness & Mutations

You are too large for most types of armour.
You have claws for hands.
Your metabolism is lightning-fast.
You like to eat raw meat.
Your natural rate of healing is unusually fast.
You are covered in fur. (AC +1)
You have extremely tough skin. (AC +3)


Message History

* * * LOW HITPOINT WARNING * * *
Unknown command.
You scratch the polar bear but do no damage.
The hornet barely misses you. The polar bear bites you.
* * * LOW HITPOINT WARNING * * *
The polar bear closely misses you. x2; The polar bear bites you!
* * * LOW HITPOINT WARNING * * *
The polar bear claws you but does no damage.
The polar bear misses you. The hornet stings you.
* * * LOW HITPOINT WARNING * * *
You feel yourself slow down.
Unknown command.
You claw the polar bear!
The polar bear is moderately wounded.
The polar bear bites you.
* * * LOW HITPOINT WARNING * * *
The polar bear closely misses you. The polar bear barely misses you.
The hornet misses you. The polar bear bites you!
You die...
Your body rises from the dead as a mindless zombie.

#÷# #..# #.^# .#▓[?!?)
'## +..### ^.##.#▓(=?!??
#÷# #....###^^.##▓▓▓▓▓▓▓
##.##......≈≈≈≈≈≈≈≈≈≈≈≈≈
# ##≈≈.....≈#c########+#
.#≈≈≈≈≈≈≈.§≈#._._._..#≈§
##≈≈≈§≈≈≈≈§≈#.._h_._.#§§
#≈≈≈≈§≈≈≈≈§§#._hy._._#≈§
≈≈≈≈≈§≈≈§≈§§#_.h@_._.#§§
++#≈≈§≈≈§§≈§#._._._..#≈≈
##≈§≈###≈§#_._._...#§t
#§§#._._....#§≈
#§≈#_._.....#§≈
≈≈≈≈##########§≈
#####≈≈≈≈≈≈≈≈≈§§
≈###≈########≈▓


You could see 3 polar bears, a yaktaur, a hornet and a crocodile (sleeping).

Vanquished Creatures
  2 hippogriffs (D)
  Menkaure (D)
  4 necrophages (D)
  4 worker ants (D)
  2 worms (D)
13 creatures vanquished.

Vanquished Creatures (others)
  A crocodile (D)
1 creature vanquished.

Grand Total: 14 creatures vanquished

Notes
Turn   | Place    | Note
-------+----------+-------------------------------------------
     0 | D        | nuthulu the Troll Monk began the quest for the Orb.
     0 | D        | Reached XP level 1. HP: 22/22 MP: 0/0
     1 | D        | Noticed a worker ant
     1 | D        | Noticed a worker ant
    19 | D        | Killed a crocodile
    50 | D        | Noticed a necrophage
    50 | D        | Noticed a necrophage
    50 | D        | Noticed a necrophage
    50 | D        | Noticed a necrophage
    59 | D        | Killed a necrophage
    59 | D        | Reached skill level 5 in Unarmed Combat
    59 | D        | Reached XP level 2. HP: 27/32 MP: 1/1
    59 | D        | Reached XP level 3. HP: 32/39 MP: 2/2
    59 | D        | Reached XP level 4. HP: 40/48 MP: 3/3
    66 | D        | Killed a necrophage
    66 | D        | Reached skill level 5 in Fighting
    66 | D        | Reached skill level 5 in Dodging
    66 | D        | Reached skill level 6 in Unarmed Combat
    66 | D        | Reached XP level 5. HP: 44/57 MP: 4/4
    71 | D        | Killed a necrophage
    74 | D        | Killed a necrophage
    74 | D        | Reached skill level 7 in Unarmed Combat
    74 | D        | Reached XP level 6. HP: 54/67 MP: 5/5
   106 | D        | Noticed a hippogriff
   106 | D        | Noticed a hippogriff
   120 | D        | Killed a hippogriff
   120 | D        | Reached skill level 8 in Unarmed Combat
   120 | D        | Reached XP level 7. HP: 31/76 MP: 6/6
   127 | D        | Killed a hippogriff
   127 | D        | Reached skill level 5 in Stealth
   244 | D        | Reached skill level 9 in Unarmed Combat
   265 | D        | Found Cicisa Suyh's Book Boutique.
   265 | D        | Found Eqixt's Gadget Boutique.
   265 | D        | Found Liceneuq's Antique Armour Shop.
   266 | D        | Found Kayntari's Food Shop.
   266 | D        | Found Sonkiy's Distillery.
   266 | D        | Found Nasinoi's Jewellery Boutique.
   266 | D        | Found Yqoacw's Distillery.
   266 | D        | Found Ynaur's Assorted Antiques.
   267 | D        | Found Ysui's Magic Scroll Boutique.
   267 | D        | Found Ryorr's Antique Weapon Shop.
   268 | D        | Found Kyeshraocs's Antique Armour Shop.
   268 | D        | Found Teeryvak's Magic Scroll Boutique.
   268 | D        | Noticed a shining eye
   270 | D        | Noticed Menkaure
   290 | D        | Killed Menkaure
   377 | D        | Noticed an ice statue
   387 | D        | Found a glowing silver altar of Zin.
   388 | D        | Found a glowing golden altar of the Shining One.
   388 | D        | Found a basalt altar of Yredelemnul.
   388 | D        | Found a hide-covered altar of Uskayaw.
   389 | D        | Found a shimmering altar of Xom.
   389 | D        | Found a bloodstained altar of Trog.
   389 | D        | Found a radiant altar of Vehumet.
   389 | D        | Found a burning altar of Makhleb.
   390 | D        | Found an ornate altar of the Wu Jian Council.
   390 | D        | Found a deep blue altar of Sif Muna.
   390 | D        | Found a corrupted altar of Lugonu.
   391 | D        | Found a sacrificial altar of Ru.
   391 | D        | Found an ancient bone altar of Kikubaaqudgha.
   391 | D        | Found a white marble altar of Elyvilon.
   392 | D        | Found a stormy altar of Qazlal.
   392 | D        | Found a viscous altar of Jiyva.
   392 | D        | Found a shadowy altar of Dithmenos.
   393 | D        | Found a hazy altar of Hepliaklqana.
   393 | D        | Found a snail-covered altar of Cheibriados.
   395 | D        | Found a roughly hewn altar of Beogh.
   395 | D        | Found a sparkling altar of Nemelex Xobeh.
   395 | D        | Found a blossoming altar of Fedhas.
   395 | D        | Noticed a hornet
   395 | D        | Noticed a polar bear
   395 | D        | Noticed a polar bear
   396 | D        | Found an opulent altar of Gozag.
   396 | D        | Found an iron altar of Okawaru.
   396 | D        | Noticed a yaktaur
   396 | D        | Noticed a polar bear
   400 | D        | Became a worshipper of Yredelemnul the Dark
   400 | D        | Reached * piety under Yredelemnul
   400 | D        | Reached ** piety under Yredelemnul
   411 | D        | HP: 2/79 [polar bear (4)]
   411 | D        | Demolished by a polar bear

Skill      XL: |  1  2  3  4  5  6  7 |
---------------+----------------------+-----
Fighting       | 4 5 6 7 |  7.7
Dodging        | 4 5 6 7 |  7.8
Stealth        | 2 3 4 5 |  5.4
Unarmed Combat | 5 6 7 8 9 |  9.3

Action                   |  1- 3 |  4- 6 |  7- 9 || total
-------------------------+-------+-------+-------++-------
Melee: Unarmed           |    18 |    24 |    27 ||    69
       Punch             |       |       |     1 ||     1
  Use: Potion            |     1 |     1 |     1 ||     3
 Stab: Sleeping          |     1 |       |       ||     1
  Eat: Chunk             |     4 |       |     4 ||     8
Armor: Robe              |     2 |     6 |     5 ||    13
Dodge: Dodged            |     6 |    16 |    21 ||    43
